 Seeded DCSS version 0.27.1-3-gb3d3a73c9e (webtiles) character file.

Game seed: 4334112020812157148 (custom seed)

753857 pancakes the Imperceptible (level 27, -10/224 HPs)
             Began as a Gnoll Hedge Wizard on Sept 26, 2021.
             Was the Champion of Cheibriados.
             Killed from afar by an ancient champion (42 damage)
             ... with an iron shot
             ... on level 2 of the Tomb of the Ancients on Oct 7, 2021.
             The game lasted 16:05:35 (71515 turns).

pancakes the Imperceptible (Gnoll Hedge Wizard)    Turns: 71515, Time: 16:05:36

Health: -10/224    AC: 21    Str: 31    XL:     27
Magic:  0/61       EV: 24    Int: 48    God:    Cheibriados [******]
Gold:   6806       SH: 36    Dex: 23    Spells: 2/67 levels left

rFire    + + +     SeeInvis +   d - staff of fire
rCold    + + +     Faith    .   s - +18 shield of the Gong {rElec rN+ Will+ EV-5}
rNeg     + + .     Spirit   +   t - +4 moon troll leather armour {Spirit, Regen++ MP+5}
rPois    +         Reflect  .   S - -2 hat of the Alchemist {rElec rPois rF+ rC+ rN+ Will+ rMut rCorr}
rElec    +         Harm     .   u - +2 cloak {rC+}
rCorr    +         Rampage  .   I - +2 pair of gloves {archery}
rMut     +                      z - +2 pair of boots {Stlth+}
Will     ++++.                  n - amulet "Uttyiges" {RegenMP +Blink rF+ Int+4}
Stlth    ++++++++++             k - ring "Aqiddy" {Fly Str+3 Int+6 Dex-4 SInv}
HPRegen  3.47/turn              p - ring of the Robin {rPois rF+ rCorr MP+9 Slay+3}
MPRegen  0.62/turn

@: lethally poisoned (-10 -> -10), flying, slowed, studying 3 skills, very slow
A: fangs 1, strong nose, distributed training, hooves 1, cold resistance 1,
regeneration 1, evolution 1
}: 4/15 runes: serpentine, barnacled, slimy, silver
a: Renounce Religion, Evoke Blink, Bend Time, Temporal Distortion, Slouch, Step
From Time


You were on level 2 of the Tomb of the Ancients.
You worshipped Cheibriados.
Cheibriados was exalted by your worship.
You visited 13 branches of the dungeon, and saw 60 of its levels.
You visited the Abyss 1 time.
You also visited: Trove, Ossuary, Gauntlet, Ice Cave and Volcano.

You collected 15558 gold pieces.
You spent 8752 gold pieces at shops.

Inventory:

Hand Weapons
 b - the +8 dagger of Duty {flame, rPois Will+ Int+2 Stlth+}
   (You bought it in a shop on level 2 of the Snake Pit)

   It burns those it strikes, dealing additional fire damage.
   Int:       It affects your intelligence (+2).
   rPois:     It protects you from poison.
   Will:      It increases your willpower.
   Stlth:     It makes you more stealthy.
 c - the +9 staff of Olgreb {rPois∞}
   (You acquired it on level 1 of the Vaults)

   If the wielder is skilled in Evocations, they can envenom those struck by it,
   dealing poison damage which bypasses armour.
   It enhances your poison magic.
   It grants immunity to poison.
   It can be evoked to radiate toxic energy, with effectiveness depending on
   Evocations skill.
 o - the +8 hunting sling of the Vase {vorpal, Will+}
   (You found it on level 5 of the Depths)

   Any ammunition fired from it inflicts extra damage upon your enemies.
   Will:      It increases your willpower.
Missiles
 E - 170 poisoned darts
 K - 59 boomerangs (quivered)
 M - 22 silver javelins
 O - 15 boomerangs of dispersal
 P - 8 atropa-tipped darts
 Q - 18 curare-tipped darts
 U - 21 throwing nets
 Z - 473 sling bullets
Armour
 s - the +18 shield of the Gong (worn) {rElec rN+ Will+ EV-5}
   (You found it on level 2 of the Depths)

   It is deafeningly noisy when blocking attacks.
   EV:        It affects your evasion (-5).
   rElec:     It insulates you from electricity.
   rN:        It protects you from negative energy.
   Will:      It increases your willpower.
 t - the +4 moon troll leather armour (worn) {Spirit, Regen++ MP+5}
   (You bought it in a shop on level 2 of the Dungeon)

   MP:        It affects your magic capacity (+5).
   Regen:     It increases your rate of health regeneration.
 u - a +2 cloak of cold resistance (worn)
 z - a +2 pair of boots of stealth (worn)
 I - a +2 pair of gloves of archery (worn)
 S - the -2 hat of the Alchemist (worn) {rElec rPois rF+ rC+ rN+ Will+ rMut rCorr}
   (You found it on level 3 of the Elven Halls)

   rF:        It protects you from fire.
   rC:        It protects you from cold.
   rElec:     It insulates you from electricity.
   rPois:     It protects you from poison.
   rN:        It protects you from negative energy.
   rCorr:     It protects you from acid and corrosion.
   rMut:      It protects you from mutation.
   Will:      It increases your willpower.
Magical Staves
 a - a staff of conjuration
 d - a staff of fire (weapon)
 e - a staff of cold
Jewellery
 k - the ring "Aqiddy" (left hand) {Fly Str+3 Int+6 Dex-4 SInv}
   (You found it on level 3 of the Vaults)

   [ring of intelligence]

   Str:       It affects your strength (+3).
   Int:       It affects your intelligence (+6).
   Dex:       It affects your dexterity (-4).
   SInv:      It lets you see invisible.
   Fly:       It grants you flight.
 n - the amulet "Uttyiges" (around neck) {RegenMP +Blink rF+ Int+4}
   (You bought it in a shop on level 5 of the Dungeon)

   [amulet of magic regeneration]

   It increases your rate of magic regeneration.
   Int:       It affects your intelligence (+4).
   rF:        It protects you from fire.
   +Blink:    It lets you blink.
 p - the ring of the Robin (right hand) {rPois rF+ rCorr MP+9 Slay+3}
   (You acquired it on level 2 of the Depths)

   [ring of poison resistance]

   Slay:      It affects your accuracy & damage with ranged weapons and melee
   (+3).
   rF:        It protects you from fire.
   rPois:     It protects you from poison.
   MP:        It affects your magic capacity (+9).
   rCorr:     It protects you from acid and corrosion.
 D - the ring of Fragile Peace {Fire Will++}
   (You bought it in a shop on level 5 of the Dungeon)

   [ring of fire]

   It enhances your fire magic.
   rF:        It protects you from fire.
   rC:        It makes you vulnerable to cold.
   Will:      It greatly increases your willpower.
Wands
 f - a wand of mindburst (56)
 w - a wand of digging (16)
 L - a wand of acid (55)
 V - a wand of paralysis (98)
 W - a wand of charming (26)
 X - a wand of polymorph (66)
Scrolls
 g - a scroll of amnesia
 q - 8 scrolls of blinking
 x - 20 scrolls of teleportation
 H - 11 scrolls of fog
 J - 9 scrolls of fear
 R - a scroll of enchant weapon
Potions
 h - 15 potions of heal wounds
 j - 3 potions of ambrosia
 l - 2 potions of magic
 m - 16 potions of brilliance
 r - 6 potions of might
 y - 7 potions of invisibility
 B - a potion of haste
 F - 32 potions of curing
 G - 10 potions of cancellation
 N - 5 potions of resistance
Miscellaneous
 i - a phial of floods (inert)
 v - a phantom mirror
 A - a box of beasts (inert)
 C - a tin of tremorstones (inert)
 T - a lightning rod (3/4)
 Y - a condenser vane (inert)


   Skills:
 + Level 19.9 Fighting
 + Level 19.9 Short Blades
 + Level 23.1 Long Blades
 + Level 19.9 Axes
 + Level 19.9 Maces & Flails
 + Level 19.9 Polearms
 + Level 19.9 Staves
 + Level 19.9 Slings
 + Level 19.9 Bows
 + Level 19.9 Crossbows
 + Level 19.9 Throwing
 + Level 19.9 Armour
 + Level 20.2 Dodging
 + Level 24.3 Stealth
 + Level 19.9 Shields
 + Level 19.9 Unarmed Combat
 + Level 20.7 Spellcasting
 + Level 17.3 Conjurations
 + Level 17.2 Hexes
 + Level 17.3 Summonings
 + Level 17.2 Necromancy
 + Level 17.3 Translocations
 + Level 17.2 Transmutations
 + Level 17.2 Fire Magic
 + Level 17.2 Ice Magic
 + Level 17.2 Air Magic
 + Level 17.2 Earth Magic
 + Level 17.2 Poison Magic
 + Level 21.3 Invocations
 + Level 22.5 Evocations


You had 2 spell levels left.
You knew the following spells:

 Your Spells              Type           Power      Damage    Failure   Level
a - Sublimation of Blood  Necr           60%        N/A       0%          2
b - Blink                 Tloc           N/A        N/A       0%          2
c - Wereblood             Tmut           100%       N/A       0%          2
d - Eringya's Noxious Bo  Tmut/Pois      60%        N/A       1%          6
e - Ignition              Fire           72%        3d19      1%          8
f - Lehudib's Crystal Sp  Conj/Erth      60%        10d14     1%          8
g - Maxwell's Capacitive  Air            60%        ∞         1%          8
n - Call Imp              Summ           100%       N/A       0%          2
r - Irradiate             Conj/Tmut      60%        3d33      0%          5
s - Ignite Poison         Fire/Tmut/Pois 100%       N/A       0%          3
v - Necromutation         Tmut/Necr      60%        N/A       1%          8
x - Ozocubu's Armour      Ice            100%       N/A       0%          3
y - Apportation           Tloc           100%       N/A       0%          1
z - Ozocubu's Refrigerat  Ice            60%        4d17      1%          7

Your spell library contained the following spells:

 Spells                   Type           Power      Damage    Failure   Level
 Animate Skeleton         Necr           100%       N/A       0%          1
 Beastly Appendage        Tmut           100%       N/A       0%          1
 Corona                   Hex            100%       N/A       0%          1
 Freeze                   Ice            100%       1d11      0%          1
 Magic Dart               Conj           100%       1d8       0%          1
 Pain                     Necr           100%       1d9       0%          1
 Sandblast                Erth           100%       2d20      0%          1
 Summon Small Mammal      Summ           100%       N/A       0%          1
 Ensorcelled Hibernation  Hex/Ice        100%       N/A       0%          2
 Passwall                 Tmut/Erth      100%       N/A       0%          2
 Slow                     Hex            100%       N/A       0%          2
 Conjure Flame            Conj/Fire      100%       6-21      0%          3
 Dazzling Flash           Conj/Hex       100%       N/A       0%          3
 Frozen Ramparts          Ice            100%       1d12      0%          3
 Gell's Gravitas          Tloc           60%        N/A       0%          3
 Inner Flame              Hex/Fire       100%       N/A       0%          3
 Lesser Beckoning         Tloc           60%        N/A       0%          3
 Mephitic Cloud           Conj/Pois/Air  100%       N/A       0%          3
 Spider Form              Tmut/Pois      60%        N/A       0%          3
 Stone Arrow              Conj/Erth      100%       3d13      0%          3
 Summon Guardian Golem    Hex/Summ       100%       N/A       0%          3
 Teleport Other           Tloc           100%       N/A       0%          3
 Vampiric Draining        Necr           60%        2d14      0%          3
 Animate Armour           Summ/Erth      100%       N/A       0%          4
 Animate Dead             Necr           60%        N/A       0%          4
 Cause Fear               Hex            60%        N/A       0%          4
 Hailstorm                Conj/Ice       100%       3d20      0%          4
 Ice Form                 Ice/Tmut       100%       N/A       0%          4
 Iskenderun's Mystic Bla  Conj/Tloc      100%       2d19      0%          4
 Leda's Liquefaction      Hex/Erth       60%        N/A       0%          4
 Petrify                  Tmut/Erth      100%       N/A       0%          4
 Sticky Flame             Conj/Fire      100%       2d11      0%          4
 Summon Ice Beast         Ice/Summ       100%       N/A       0%          4
 Agony                    Necr           100%       N/A       0%          5
 Alistair's Intoxication  Tmut/Pois      80%        N/A       0%          5
 Blade Hands              Tmut           60%        N/A       0%          5
 Bolt of Magma            Conj/Fire/Erth 72%        4d28      0%          5
 Borgnjor's Vile Clutch   Necr/Erth      60%        N/A       0%          5
 Fireball                 Conj/Fire      72%        3d27      0%          5
 Freezing Cloud           Conj/Ice/Air   60%        6-21      0%          5
 Iskenderun's Battlesphe  Conj           100%       2d15      0%          5
 Lee's Rapid Deconstruct  Erth           60%        3d29*     0%          5
 Metabolic Englaciation   Hex/Ice        60%        N/A       0%          5
 Summon Forest            Summ/Tloc      60%        N/A       0%          5
 Summon Mana Viper        Hex/Summ       100%       N/A       0%          5
 Yara's Violent Unravell  Hex/Tmut       60%        3d23      0%          5
 Conjure Ball Lightning   Conj/Air       60%        3x3d22    1%          6
 Death Channel            Necr           60%        N/A       1%          6
 Dispersal                Tloc           60%        N/A       1%          6
 Iron Shot                Conj/Erth      60%        9d11      1%          6
 Shadow Creatures         Summ           N/A        N/A       1%          6
 Simulacrum               Ice/Necr       60%        N/A       1%          6
 Starburst                Conj/Fire      72%        6d19      1%          6
 Statue Form              Tmut/Erth      80%        N/A       1%          6
 Malign Gateway           Summ/Tloc      60%        N/A       1%          7
 Monstrous Menagerie      Summ           60%        N/A       1%          7
 Orb of Destruction       Conj           60%        9d17      1%          7
 Spellforged Servitor     Conj/Summ      60%        N/A       1%          7
 Borgnjor's Revivificati  Necr           60%        N/A       1%          8
 Discord                  Hex            60%        N/A       1%          8
 Disjunction              Tloc           60%        N/A       1%          8
 Summon Horrible Things   Summ           60%        N/A       1%          8
 Dragon's Call            Summ           60%        N/A       28%         9
 Death's Door             Necr           60%        N/A       30%         9
 Fire Storm               Conj/Fire      72%        8d18      30%         9


Dungeon Overview and Level Annotations

Branches:
Dungeon (15/15)            Temple (1/1) D:7            Lair (6/6) D:8
 Shoals (4/4) Lair:4        Snake (4/4) Lair:3        Slime (5/5) Lair:6
    Orc (2/2) D:11            Elf (3/3) Orc:2        Vaults (5/5) D:14
  Crypt (3/3) Vaults:2       Tomb (2/3) Crypt:3      Depths (5/5) D:15
    Zot (5/5) Depths:5    Ossuary (visited)           IceCv (visited)
Volcano (visited)         Gauntlet (visited)

Altars:
Ashenzari
Cheibriados
Dithmenos
Fedhas
Gozag
Hepliaklqana
Kikubaaqudgha
Nemelex Xobeh
Qazlal
Sif Muna
Trog
Vehumet
Wu Jian
The Shining One
Beogh
Jiyva
Lugonu

Shops:
D:2 [*!*   D:4 (   D:5 =   D:8 [   D:10 (   Orc:1 (   Orc:2 [*(:   Elf:3 [(?
Snake:1 (   Snake:2 (   Vaults:1 ?   Depths:2 !   Depths:4 =:=

Portals:
Hell: Depths:1 Depths:2 Depths:3 Depths:4 Depths:5
Abyss: Lair:6 Depths:1 Depths:3 Depths:4
Pandemonium: Depths:1 Depths:3 Depths:5
Ziggurat: Depths:2

Annotations:
Elf:1 6 runed translucent doors
Zot:2 3 runed translucent doors, exclusion: 3 doors, Hurogu's ghost, legendary GnFi
Zot:5 1 exclusion


Innate Abilities, Weirdness & Mutations

You have very sharp teeth.
Your uncanny sense of smell can sniff out nearby items.
Your experience applies equally to all skills.
You have large cloven feet.
Your flesh is cold resistant. (rC+)
Your natural rate of healing is unusually fast.
You evolve.


Message History

You destroy the death scarab!
The death scarab's corpse disappears in a puff of smoke!
You destroy the death scarab!
The death scarab's corpse disappears in a puff of smoke!
You destroy the death scarab!
The death scarab's corpse disappears in a puff of smoke!
You destroy the skeletal warrior!
Cheibriados appreciates the change of pace.
You destroy the death scarab!
The death scarab's corpse disappears in a puff of smoke!
You destroy the death scarab!
The death scarab's corpse disappears in a puff of smoke!
You destroy the death scarab!
The death scarab's corpse disappears in a puff of smoke!
You destroy the death scarab!
The death scarab's corpse disappears in a puff of smoke!
You feel very sick.
The royal mummy is engulfed in blazing flames.
The emperor scorpion barely misses you.
You block the emperor scorpion's attack.
GONNNNG!
You block the emperor scorpion's attack.
SHROANNG!
The royal mummy mumbles some strange words.
The emperor scorpion completely misses you.
The emperor scorpion barely misses you. The emperor scorpion claws you.
* * * LOW HITPOINT WARNING * * *
You block the mummy's attack.
BOUMMMMG!
You hear a screech!
You hear a hideous shriek!
Unknown command.
Unknown command.
You feel much better.
You feel very sick.
The death scarab waves its antennae.
The death scarab is engulfed in blazing flames.
You block the death scarab's attack.
GONNNNG!
The ancient champion casts a spell at you.
The iron shot hits you!!!
You die...

...........
..........
..........
........? ∆
......§§.
........## .
.......M.##....
....§.B@.......
.##.§Bsssz..##.
. ##☼.M..).## .
..##.°§§...##..
....°°☼°☼......
..B..§M§§M○z...
...°°≈...○○....
.....§○≈§☼°..§.
.....BB≈§z.....


You could see 3 royal mummies, 3 emperor scorpions, an ancient champion (fast),
a skeletal warrior, 3 death scarabs and a mummy.

Vanquished Creatures
  the Royal Jelly (Slime:5)
  4 dread liches
  5 orbs of fire
  Khufu (Crypt:3)
  Mara (Depths:3)
  6 ancient liches
  Sojobo (Vaults:3)
  5 royal mummies
  Boris (twice) (Vaults:2 Depths:3)
  Bai Suzhen (Depths:2)
  Vashnia (Snake:2)
  3 Killer Klowns (Zot:5)
  Saint Roka (Orc:2)
  The ghost of Ylesmath the Executioner, an adept MiBe of Trog (Vaults:3)
  Xtahua (Vaults:3)
  16 golden dragons
  A profane servitor (Crypt:3)
  6 curse toes
  3 bone dragons
  Nikola (Depths:2)
  2 hellephants (Depths:4)
  A doom hound (Depths:4)
  Rupert (D:12)
  7 electric golems
  Jorgrun (Elf:1)
  9 liches
  15 tentacled monstrosities
  Asterion (Snake:1)
  25 Orb Guardians (Zot:5)
  9 titans
  3 deep elf blademasters
  3 deep elf master archers
  21 acid blobs
  3 ancient champions
  6 quicksilver dragons
  10 death cobs
  Agnes (Snake:2)
  15 sphinxes
  The ghost of Poejeopt the Warrior, an adept DsCK of Xom (Shoals:3)
  Donald (Orc:2)
  Kirke (Snake:3)
  9 shadow dragons
  2 revenants
  11 fire giants
  16 storm dragons
  10 azure jellies
  7 tengu reavers
  3 draconian monks
  4 draconian knights
  11 rockslimes
  10 nagarajas
  12 frost giants
  2 ghost moths
  Aizul (Snake:1)
  5 deep elf sorcerers
  11 vault wardens
  3 draconian scorchers
  2 draconian stormcallers
  8 iron dragons
  Louise (Elf:1)
  5 orc warlords
  A reaper (Crypt:2)
  7 deep elf elementalists
  8 draconian shifters
  10 quicksilver oozes
  5 ghouls
  2 draconian annihilators
  12 ironbound preservers
  14 very ugly things
  3 war gargoyles
  17 vampire knights
  7 green draconians
  19 stone giants
  8 deep elf demonologists
  The ghost of GravelGoth the Fighter, a journeyman DsFi of Ashenzari (Lair:6)
  6 white draconians
  A spectral titan (Crypt:3)
  10 red draconians
  9 black draconians
  9 yellow draconians
  3 dire elephants
  3 merfolk javelineers
  A minotaur (Gauntlet)
  11 purple draconians
  7 deep elf annihilators
  5 spark wasps
  A green death (Depths:1)
  A blizzard demon (Depths:2)
  Josephine (Orc:2)
  7 deep elf death magi
  20 jiangshi
  A crystal guardian (Vaults:4)
  2 eidola (Crypt:2)
  11 fire dragons
  15 ettins
  14 merfolk impalers
  8 ironbound thunderhulks
  2 salamander tyrants (Snake:4)
  11 mummy priests
  15 deep elf high priests
  10 great orbs of eyes
  Harold (D:8)
  3 rakshasas
  An ice dragon (shapeshifter) (Vaults:5)
  A peacekeeper (Vaults:4)
  14 yaktaur captains
  10 ice dragons
  14 naga warriors
  7 hydras
  A spriggan air mage (Depths:3)
  37 vault guards
  2 ogre magi (Vaults:5)
  12 ironbound frosthearts
  Erolcha (D:13)
  2 merfolk aquamancers
  2 boulder beetles
  3 death knights
  11 centaur warriors
  An alligator snapping turtle (Shoals:1)
  4 catoblepae
  16 two-headed ogres
  6 anacondas
  8 deep troll earth magi
  27 dancing weapons
  9 death scarabs (Tomb:1)
  A satyr (Shoals:3)
  9 death yaks
  10 deep troll shamans
  A titan zombie (Vaults:3)
  8 tengu warriors
  4 thrashing horrors (Lair:6)
  4 spriggan berserkers
  4 orc high priests
  Urug (Orc:2)
  5 shock serpents
  5 ironbound beastmasters
  25 deep elf knights
  4 vampire magi
  Sonja (Lair:3)
  7 hell knights (Depths:2)
  23 naga sharpshooters
  A soul eater (Crypt:2)
  9 iron trolls
  A sun demon (Depths:1)
  22 skeletal warriors
  A titan skeleton (Vaults:3)
  2 sixfirhies
  3 salamander mystics
  A storm dragon skeleton (Crypt:1)
  11 sea snakes
  2 shadow wraiths (Crypt:3)
  The ghost of pancakes the Insei, a novice DjTm (D:8)
  4 glowing orange brains
  54 deep trolls
  3 naga ritualists
  2 bog bodies (IceCv)
  An obsidian statue (Zot:5)
  A shadow demon (Depths:5)
  Pikel (D:9)
  2 flayed ghosts (Crypt:3)
  13 deep elf archers
  11 lindwurms
  10 phantasmal warriors
  37 deep elf pyromancers
  A golden dragon skeleton (Crypt:3)
  5 necromancers
  11 orc knights
  20 harpies
  18 ironbound convokers
  A bunyip skeleton (Crypt:2)
  16 wizards
  30 deep elf zephyrmancers
  5 orc sorcerers
  A wolf spider (shapeshifter) (Depths:4)
  4 mana vipers
  46 ugly things
  A fire giant zombie (Crypt:1)
  A sphinx skeleton (Crypt:1)
  15 manticores
  6 shining eyes
  A cyclops (shapeshifter) (D:15)
  18 cyclopes
  22 fauns
  24 moths of wrath
  A torpor snail (Gauntlet)
  An elephant (shapeshifter) (D:9)
  4 guardian serpents
  A fire giant skeleton (Vaults:3)
  11 merfolk sirens
  13 salamanders
  2 eyes of devastation
  3 ice statues
  A human skeleton (Vaults:3)
  11 elephants
  9 water nymphs
  A guardian serpent (shapeshifter) (Elf:2)
  26 black mambas
  20 naga magi
  Maggie (D:9)
  2 smoke demons (Lair:6)
  3 gargoyles
  A yaktaur zombie (Vaults:3)
  9 vault sentinels
  An orange demon (Depths:1)
  An unseen horror (D:11)
  3 kobold demonologists
  12 cane toads
  11 komodo dragons
  A yaktaur (shapeshifter) (Vaults:5)
  18 yaktaurs
  12 rime drakes
  An efreet (D:14)
  9 freezing wraiths
  6 tengu conjurers
  An emperor scorpion zombie (Crypt:1)
  3 tormentors (Depths:4)
  2 hellwings
  A queen bee (shapeshifter) (Vaults:5)
  An anaconda simulacrum (IceCv)
  A grey draconian skeleton (Crypt:2)
  A polar bear (shapeshifter) (Elf:2)
  An ancient zyme (Lair:6)
  38 merfolk
  13 guardian mummies
  5 polar bears
  5 trolls
  Grinder (D:3)
  2 hornets
  12 wind drakes
  A tyrant leech (Gauntlet)
  100 slime creatures
  21 blink frogs
  A wolf spider simulacrum (D:15)
  A slime creature (shapeshifter) (Lair:6)
  4 snapping turtles
  An ice dragon zombie (Crypt:1)
  10 small abominations
  9 dream sheep
  An alligator skeleton (Tomb:1)
  A black mamba zombie (Crypt:1)
  7 shadows
  A tarantella (shapeshifter) (Vaults:5)
  58 flying skulls
  A vampire (D:11)
  2 spriggans
  11 air elementals
  2 fire dragon skeletons
  45 yaks
  A guardian serpent skeleton (Crypt:2)
  4 fire elementals
  6 wyverns
  27 water elementals
  4 ushabtiu
  A fire bat (Volcano)
  3 ynoxinuls
  14 wraiths
  4 basilisks
  A black mamba skeleton (Crypt:3)
  3 hogs (Snake:3)
  5 golden eyes (Slime:2)
  3 chaos spawn (Lair:6)
  2 humans (D:14)
  A steam dragon (shapeshifter) (Vaults:5)
  A tyrant leech zombie (Crypt:1)
  2 death yak simulacra
  A golden eye (shapeshifter) (Elf:1)
  Grum (D:9)
  The ghost of pancakes the Magician, an amateur GnWz of Vehumet (D:6)
  18 steam dragons
  2 swamp worms (Gauntlet)
  62 nagas
  A torturous demonspawn zombie (Crypt:1)
  5 wargs
  A swamp worm (shapeshifter) (Vaults:5)
  A water nymph zombie (Crypt:2)
  An acid dragon (D:13)
  3 hell hounds (Volcano)
  20 water moccasins
  An ogre skeleton (Vaults:3)
  A black bear (D:6)
  46 orc warriors
  An ice beast (D:7)
  2 large abominations
  5 necrophages
  5 ogres
  3 sky beasts (D:7)
  An ettin simulacrum (Vaults:3)
  6 centaurs
  A hog zombie (Crypt:2)
  13 wolves
  A lemure (D:9)
  An elf zombie (Crypt:1)
  A human zombie (Vaults:3)
  7 kobold brigands
  Blork the orc (D:4)
  14 bullfrogs
  A gnoll sergeant (D:9)
  A human simulacrum (Vaults:3)
  3 earth elementals
  A scorpion (D:3)
  6 two-headed ogre simulacra
  2 wyvern zombies
  2 cane toad simulacra
  2 water moccasin skeletons (D:5)
  3 water moccasin zombies (Ossuary)
  2 wyvern skeletons
  5 elephant simulacra
  5 wights (D:8)
  10 killer bees (D:9)
  6 howler monkeys
  An electric eel (Lair:4)
  5 bullfrog zombies (Ossuary)
  8 centaur zombies
  5 jellies
  A quasit (Abyss:2)
  5 hounds
  21 orc priests
  2 centaur skeletons
  2 iguanas
  2 gnoll shamans (D:8)
  28 orc wizards
  6 hell rats
  3 polar bear simulacra
  8 troll simulacra
  5 spriggan simulacra
  3 wolf simulacra (IceCv)
  5 killer bee zombies (Ossuary)
  A naga zombie (Crypt:3)
  A sky beast zombie (Crypt:2)
  A hound zombie (D:5)
  A naga skeleton (Crypt:1)
  45 mummies
  4 howler monkey zombies
  4 adders
  11 gnolls
  6 naga simulacra (IceCv)
  10 river rats (Lair:6)
  3 shadow imps
  5 white imps
  8 ufetubi
  4 dart slugs
  70 orcs
  5 ball pythons
  5 bats
  4 endoplasms
  A giant cockroach (D:1)
  6 hobgoblins
  7 jackals
  A quokka (D:2)
  8 frilled lizards
  A frilled lizard skeleton (Crypt:2)
  A giant cockroach zombie (Crypt:1)
  A gnoll skeleton (Crypt:1)
  8 goblins
  18 kobolds
  4 rats
  A butterfly (Lair:6)
2644 creatures vanquished.

Vanquished Creatures (collateral kills)
  A kobold brigand (D:8)
  2 gnolls (D:8)
  2 kobolds (D:8)
5 creatures vanquished.

Vanquished Creatures (others)
  A vault warden (Vaults:5)
  A stone giant (Depths:5)
  4 vault guards (Vaults:5)
  An ogre mage (Vaults:5)
  2 two-headed ogres
  A lindwurm (Lair:6)
  A wizard (Vaults:3)
  An elephant (shapeshifter) (Vaults:5)
  A troll (Vaults:5)
  A human (Snake:3)
  2 orc wizards (Vaults:5)
  An orc (Vaults:5)
  40 fungi
  187 plants
  4 toadstools (D:12)
  6 withered plants (Ossuary)
254 creatures vanquished.

Grand Total: 2903 creatures vanquished

Notes
Turn   | Place    | Note
-------+----------+-------------------------------------------
     0 | D:1      | pancakes the Gnoll Hedge Wizard began the quest for the
                  | Orb.
     0 | D:1      | Reached XP level 1. HP: 13/13 MP: 8/8
   114 | D:1      | Found a faded altar of an unknown god.
   117 | D:1      | Reached XP level 2. HP: 19/19 MP: 3/10
   118 | D:1      | Became a worshipper of Cheibriados the Contemplative
   118 | D:1      | Reached * piety under Cheibriados
   862 | D:1      | Reached XP level 3. HP: 25/25 MP: 7/11
  1228 | D:2      | Found an ornate altar of the Wu Jian Council.
  1328 | D:2      | Found Ane Jiaj's Antique Armour Shop.
  1344 | D:2      | Found Atykhij's General Store.
  1358 | D:2      | Found Huseug's Assorted Antiques.
  1450 | D:2      | Found Dowkaex's Distillery.
  1516 | D:2      | Reached ** piety under Cheibriados
  1673 | D:2      | Reached skill level 1 in Invocations
  1882 | D:2      | Learned a level 3 spell: Mephitic Cloud
  1886 | D:2      | Learned a level 3 spell: Conjure Flame
  1888 | D:2      | Learned a level 1 spell: Corona
  1891 | D:2      | Learned a level 2 spell: Call Imp
  1894 | D:2      | Learned a level 2 spell: Blink
  1896 | D:2      | Learned a level 1 spell: Apportation
  2150 | D:3      | Reached skill level 1 in Fighting
  2150 | D:3      | Reached skill level 1 in Short Blades
  2150 | D:3      | Reached skill level 1 in Long Blades
  2150 | D:3      | Reached skill level 1 in Axes
  2150 | D:3      | Reached skill level 1 in Maces & Flails
  2150 | D:3      | Reached skill level 1 in Polearms
  2150 | D:3      | Reached skill level 1 in Staves
  2150 | D:3      | Reached skill level 1 in Slings
  2150 | D:3      | Reached skill level 1 in Bows
  2150 | D:3      | Reached skill level 1 in Crossbows
  2150 | D:3      | Reached skill level 1 in Throwing
  2150 | D:3      | Reached skill level 1 in Armour
  2150 | D:3      | Reached skill level 1 in Shields
  2150 | D:3      | Reached skill level 1 in Unarmed Combat
  2150 | D:3      | Reached skill level 1 in Evocations
  2150 | D:3      | Reached XP level 4. HP: 7/32 MP: 9/13
  2559 | D:3      | Found a radiant altar of Vehumet.
  2560 | D:3      | Noticed a scorpion
  2566 | D:3      | Killed a scorpion
  2567 | D:3      | Reached skill level 1 in Hexes
  2567 | D:3      | Reached skill level 1 in Necromancy
  2567 | D:3      | Reached skill level 1 in Transmutations
  2567 | D:3      | Reached skill level 1 in Fire Magic
  2567 | D:3      | Reached skill level 1 in Ice Magic
  2567 | D:3      | Reached skill level 1 in Air Magic
  2567 | D:3      | Reached skill level 1 in Earth Magic
  2567 | D:3      | Reached skill level 1 in Poison Magic
  2567 | D:3      | Reached XP level 5. HP: 37/37 MP: 14/14
  2609 | D:3      | Reached *** piety under Cheibriados
  3085 | D:3      | Noticed Grinder
  3099 | D:3      | Paralysed by Grinder for 4 turns
  3106 | D:3      | Paralysed by Grinder for 5 turns
  3118 | D:3      | Killed Grinder
  3119 | D:3      | Reached skill level 5 in Dodging
  3119 | D:3      | Reached XP level 6. HP: 25/44 MP: 11/16
  3341 | D:4      | Identified the +10 short sword of Exquisite Torment
                  | {vorpal, Int+4 Stlth+}
  3375 | D:4      | Found Baenkaipn's Antique Weapon Shop.
  3532 | D:4      | Found a sand-covered staircase.
  3537 | Ossuary  | Entered an ossuary
  3546 | Ossuary  | Learned a level 5 spell: Fireball
  3562 | Ossuary  | Reached XP level 7. HP: 50/50 MP: 14/18
  3734 | Ossuary  | Reached skill level 5 in Stealth
  3827 | Ossuary  | Reached XP level 8. HP: 57/57 MP: 15/19
  3897 | Ossuary  | Reached **** piety under Cheibriados
  4522 | D:4      | Found a bloodstained altar of Trog.
  4524 | D:4      | Got Amaicut's Almanac of Retrieval
  4751 | D:4      | Noticed Blork the orc
  4764 | D:4      | Killed Blork the orc
  5140 | D:5      | Entered Level 5 of the Dungeon
  5166 | D:5      | Found Lole's Jewellery Emporium.
  5476 | D:5      | Reached ***** piety under Cheibriados
  5753 | D:5      | Identified a scroll of acquirement
  5754 | D:5      | Acquired 828 gold pieces
  5884 | D:2      | Bought the +4 moon troll leather armour {Spirit, Regen++
                  | MP+5} for 1090 gold pieces
  5884 | D:2      | Found the +4 moon troll leather armour {Spirit, Regen++
                  | MP+5}
  6065 | D:5      | Reached XP level 9. HP: 65/65 MP: 21/21
  6368 | D:6      | Found a transporter.
  6392 | D:6      | Found a transporter.
  6392 | D:6      | Noticed pancakes's ghost (amateur GnWz)
  6541 | D:6      | Killed pancakes's ghost
  6604 | D:6      | Reached skill level 6 in Stealth
  6622 | D:6      | Learned a level 2 spell: Sublimation of Blood
  7103 | D:7      | Reached skill level 5 in Invocations
  7367 | D:7      | Reached XP level 10. HP: 73/73 MP: 22/22
  7493 | D:7      | Found a staircase to the Ecumenical Temple.
  7498 | Temple   | Entered the Ecumenical Temple
  7803 | D:8      | Reached skill level 5 in Fighting
  7803 | D:8      | Reached skill level 5 in Short Blades
  7803 | D:8      | Reached skill level 5 in Long Blades
  7803 | D:8      | Reached skill level 5 in Axes
  7803 | D:8      | Reached skill level 5 in Maces & Flails
  7803 | D:8      | Reached skill level 5 in Polearms
  7803 | D:8      | Reached skill level 5 in Staves
  7803 | D:8      | Reached skill level 5 in Slings
  7803 | D:8      | Reached skill level 5 in Bows
  7803 | D:8      | Reached skill level 5 in Crossbows
  7803 | D:8      | Reached skill level 5 in Throwing
  7803 | D:8      | Reached skill level 5 in Armour
  7803 | D:8      | Reached skill level 5 in Shields
  7803 | D:8      | Reached skill level 5 in Unarmed Combat
  7803 | D:8      | Reached skill level 5 in Evocations
  7946 | D:8      | Gained mutation: You are dopey. (Int -2) [potion of
                  | mutation]
  7946 | D:8      | Gained mutation: You have large cloven feet. [potion of
                  | mutation]
  7946 | D:8      | Gained mutation: You evolve. [potion of mutation]
  8140 | D:8      | Noticed a gargoyle
  8146 | D:8      | Killed a gargoyle
  8189 | D:8      | Reached skill level 5 in Conjurations
  8189 | D:8      | Reached skill level 5 in Summonings
  8189 | D:8      | Reached skill level 5 in Translocations
  8202 | D:8      | Reached ****** piety under Cheibriados
  8279 | D:8      | Lost mutation: You are dopey. (Int -2) [potion of mutation]
  8279 | D:8      | Lost mutation: You have large cloven feet. [potion of
                  | mutation]
  8279 | D:8      | Gained mutation: You have a pair of small horns on your
                  | head. [potion of mutation]
  8399 | D:8      | Noticed Harold
  8413 | D:8      | Killed Harold
  8414 | D:8      | Reached skill level 7 in Stealth
  8447 | D:8      | Identified the +9 war axe of Getoklu {holy, *Noise rElec
                  | rF+}
  8545 | D:8      | Found Bueplif's Antique Armour Shoppe.
  8553 | D:8      | Bought a pair of polished boots for 218 gold pieces
  8553 | D:8      | Identified the +1 pair of boots of Calculation {rElec rC-
                  | Will- Str+10} (You bought it in a shop on level 8 of the
                  | Dungeon)
  8641 | D:8      | Found a runed translucent gate.
  8642 | D:8      | Found a runed translucent gate.
  8643 | D:8      | Found a runed translucent gate.
  8645 | D:8      | Noticed pancakes's ghost (novice DjTm)
  8647 | D:8      | Identified the +0 chain mail "Kiliwamn" {*Slow Str+9 Int-2
                  | SInv}
  8663 | D:8      | Killed pancakes's ghost
  8664 | D:8      | Reached XP level 11. HP: 79/81 MP: 18/24
  8980 | D:8      | Reached skill level 5 in Hexes
  8980 | D:8      | Reached skill level 5 in Necromancy
  8980 | D:8      | Reached skill level 5 in Transmutations
  8980 | D:8      | Reached skill level 5 in Fire Magic
  8980 | D:8      | Reached skill level 5 in Ice Magic
  8980 | D:8      | Reached skill level 5 in Air Magic
  8980 | D:8      | Reached skill level 5 in Earth Magic
  8980 | D:8      | Reached skill level 5 in Poison Magic
  9099 | D:8      | Found a staircase to the Lair.
  9211 | D:9      | Noticed a two-headed ogre
  9212 | D:9      | Noticed a manticore
  9214 | D:9      | Noticed a death knight
  9217 | D:9      | Noticed a two-headed ogre
  9225 | D:9      | Killed a manticore
  9230 | D:9      | Killed a two-headed ogre
  9234 | D:9      | Killed a two-headed ogre
  9240 | D:9      | Killed a death knight
  9497 | D:9      | Noticed Maggie
  9522 | D:9      | Killed Maggie
  9523 | D:9      | Reached skill level 8 in Stealth
  9583 | D:9      | Noticed Pikel
  9592 | D:9      | Killed Pikel
  9596 | D:9      | Noticed a cyclops
  9599 | D:9      | Noticed Grum
  9610 | D:9      | Killed a cyclops
  9611 | D:9      | Reached XP level 12. HP: 89/89 MP: 22/25
  9629 | D:9      | Killed Grum
  9684 | D:9      | Found an opulent altar of Gozag.
  9739 | D:9      | Reached skill level 10 in Spellcasting
  9999 | D:9      | Gained mutation: Your natural rate of healing is unusually
                  | fast. [evolution]
 10010 | D:9      | Found a shimmering blue altar of Sif Muna.
 10011 | D:9      | Found a broken altar of Ashenzari.
 10279 | D:9      | Learned a level 5 spell: Irradiate
 10284 | D:9      | Learned a level 3 spell: Frozen Ramparts
 10288 | D:9      | Learned a level 3 spell: Ozocubu's Armour
 10438 | D:9      | Identified the +7 hunting sling of Bupomnahai {venom, rElec
                  | Dex+2}
 10440 | D:9      | Identified the +9 dagger "Aceth" {vorpal, *Corrode Int+3
                  | Stlth+}
 10581 | Lair:1   | Entered Level 1 of the Lair of Beasts
 10811 | Lair:1   | Noticed an eight-headed hydra
 10819 | Lair:1   | Killed an eight-headed hydra
 11013 | Lair:1   | You fall into a shaft and drop 1 floor!
 11234 | Lair:2   | Found a dark tunnel.
 11242 | Volcano  | Entered a volcano
 11316 | Volcano  | Killed a two-headed ogre
 11316 | Volcano  | Noticed a two-headed ogre
 11320 | Volcano  | Killed a two-headed ogre
 11606 | Lair:2   | Identified the +8 trident of Duty {distort, rC+++ Will-
                  | MP+9 Dex+2}
 12674 | Lair:3   | Reached XP level 13. HP: 98/98 MP: 26/27
 12681 | Lair:3   | Reached skill level 9 in Stealth
 12685 | Lair:3   | Found a staircase to the Snake Pit.
 12831 | Lair:3   | Noticed Sonja
 12839 | Lair:3   | Killed Sonja
 13413 | Lair:4   | You fall into a shaft and drop 1 floor!
 13445 | Lair:5   | Noticed a fire dragon
 13498 | Lair:5   | Killed a fire dragon
 13654 | Lair:5   | Found a shadowy altar of Dithmenos.
 14255 | Lair:5   | Reached XP level 14. HP: 106/106 MP: 24/29
 14465 | Lair:5   | Reached skill level 10 in Dodging
 14551 | Lair:6   | Entered Level 6 of the Lair of Beasts
 14649 | Lair:6   | Noticed GravelGoth's ghost (journeyman DsFi)
 14650 | Lair:6   | Found a runed translucent door.
 14675 | Lair:6   | Reached skill level 10 in Stealth
 14728 | Lair:6   | Reached skill level 10 in Invocations
 14865 | Lair:6   | Killed GravelGoth's ghost
 15109 | Lair:6   | Found a viscous altar of Jiyva.
 15109 | Lair:6   | Found a staircase to the Slime Pits.
 15833 | Lair:4   | You fall into a shaft and drop 2 floors!
 16022 | Lair:4   | Found a staircase to the Shoals.
 16841 | Lair:6   | Reached XP level 15. HP: 115/115 MP: 30/30
 17031 | Lair:6   | Found a corrupted altar of Lugonu.
 17035 | Lair:6   | Found a one-way gate to the infinite horrors of the Abyss.
 17278 | D:8      | Acquired 665 gold pieces
 17361 | D:10     | Entered Level 10 of the Dungeon
 17643 | D:10     | Found a stormy altar of Qazlal.
 17680 | D:10     | Found a sparkling altar of Nemelex Xobeh.
 17780 | D:10     | Found Lyqaul's Weapon Shop.
 17834 | D:10     | Identified the +0 cloak "Hema" {rC+ Str+2}
 18112 | D:11     | Found a staircase to the Orcish Mines.
 18119 | Orc:1    | Entered Level 1 of the Orcish Mines
 18119 | Orc:1    | Lost mutation: Your natural rate of healing is unusually
                  | fast. [evolution]
 18155 | Orc:1    | Noticed an orc warlord
 18173 | Orc:1    | Killed an orc warlord
 18174 | Orc:1    | Reached skill level 10 in Fighting
 18174 | Orc:1    | Reached skill level 10 in Short Blades
 18174 | Orc:1    | Reached skill level 10 in Long Blades
 18174 | Orc:1    | Reached skill level 10 in Axes
 18174 | Orc:1    | Reached skill level 10 in Maces & Flails
 18174 | Orc:1    | Reached skill level 10 in Polearms
 18174 | Orc:1    | Reached skill level 10 in Staves
 18174 | Orc:1    | Reached skill level 10 in Slings
 18174 | Orc:1    | Reached skill level 10 in Bows
 18174 | Orc:1    | Reached skill level 10 in Crossbows
 18174 | Orc:1    | Reached skill level 10 in Throwing
 18174 | Orc:1    | Reached skill level 10 in Armour
 18174 | Orc:1    | Reached skill level 10 in Shields
 18174 | Orc:1    | Reached skill level 10 in Unarmed Combat
 18174 | Orc:1    | Reached skill level 10 in Evocations
 18289 | Orc:1    | Found Onluad's Antique Weapon Emporium.
 18540 | Orc:2    | Entered Level 2 of the Orcish Mines
 18542 | Orc:2    | Noticed Saint Roka
 18585 | Orc:2    | Found a staircase to the Elven Halls.
 18852 | Orc:2    | Noticed Urug
 18862 | Orc:2    | Killed Urug
 18870 | Orc:2    | Noticed an orc warlord
 18879 | Orc:2    | Killed an orc warlord
 18962 | Orc:2    | Paralysed by an orc sorcerer for 6 turns
 18980 | Orc:2    | Reached skill level 11 in Stealth
 19023 | Orc:2    | Killed Saint Roka
 19066 | Orc:2    | Found Cauluqaf's General Store.
 19162 | Orc:2    | Noticed Josephine
 19185 | Orc:2    | Found Lexyil's Book Emporium.
 19270 | Orc:2    | Found Tuwamueh's Antique Armour Emporium.
 19288 | Orc:2    | Found Naynlij's Antique Weapon Emporium.
 19310 | Orc:2    | Killed Josephine
 19501 | Orc:2    | Noticed Donald
 19505 | Orc:2    | Killed Donald
 19756 | Orc:2    | Bought a book of Changes for 288 gold pieces
 19759 | Orc:2    | Learned a level 2 spell: Wereblood
 19834 | D:11     | Learned a level 5 spell: Lee's Rapid Deconstruction
 20225 | D:11     | You fall into a shaft and drop 3 floors!
 20429 | D:13     | Found a frozen archway.
 20440 | D:13     | Reached XP level 16. HP: 111/123 MP: 32/32
 20455 | IceCv    | Entered an ice cave
 21181 | D:13     | Noticed Erolcha
 21183 | D:13     | Killed Erolcha
 21664 | D:12     | Found a gate leading to a gauntlet.
 21683 | Gauntlet | Entered a Gauntlet
 21683 | Gauntlet | Found a transporter.
 21683 | Gauntlet | Found a transporter.
 21690 | Gauntlet | Found a transporter.
 21703 | Gauntlet | Found a transporter.
 21705 | Gauntlet | Found a large runed translucent door.
 21706 | Gauntlet | Found a large runed translucent door.
 21707 | Gauntlet | Found a large runed translucent door.
 21707 | Gauntlet | Found a large runed translucent door.
 21707 | Gauntlet | Found a runed translucent door.
 21708 | Gauntlet | Found a large runed translucent door.
 21722 | Gauntlet | Found a transporter.
 21734 | Gauntlet | Found a transporter.
 21736 | Gauntlet | Found a large runed translucent door.
 21737 | Gauntlet | Found a large runed translucent door.
 21739 | Gauntlet | Found a runed translucent gate.
 21753 | Gauntlet | Found a transporter.
 21838 | Gauntlet | Found a transporter.
 21840 | Gauntlet | Found a large runed translucent door.
 21841 | Gauntlet | Found a large runed translucent door.
 21841 | Gauntlet | Found a transporter.
 21842 | Gauntlet | Found a large runed translucent door.
 21842 | Gauntlet | Found a large runed translucent door.
 21842 | Gauntlet | Found a runed translucent door.
 21843 | Gauntlet | Found a large runed translucent door.
 21858 | Gauntlet | Found a large runed translucent door.
 21858 | Gauntlet | Found a large runed translucent door.
 21859 | Gauntlet | Found a large runed translucent door.
 21859 | Gauntlet | Found a large runed translucent door.
 21862 | Gauntlet | Found a runed translucent gate.
 21862 | Gauntlet | Found a runed translucent gate.
 21867 | Gauntlet | Found a transporter.
 21886 | Gauntlet | Found a transporter.
 21896 | Gauntlet | Found a transporter.
 21901 | Gauntlet | Found a transporter.
 21915 | Gauntlet | Found a transporter.
 21989 | Gauntlet | Found a transporter.
 22006 | Gauntlet | Found a transporter.
 22215 | Gauntlet | Identified the +2 pair of boots "Mije" {rF+}
 22270 | Gauntlet | Identified the +0 cloak of Salvation {Rampage rElec rC++
                  | Str+2}
 22365 | D:12     | Acquired 1041 gold pieces
 22769 | D:12     | Noticed Rupert
 22778 | D:12     | Killed Rupert
 23425 | D:14     | Found a glowing golden altar of the Shining One.
 23954 | D:14     | Found a gate to the Vaults.
 24258 | D:15     | Entered Level 15 of the Dungeon
 24590 | D:15     | Found an ancient bone altar of Kikubaaqudgha.
 24683 | D:15     | Found a staircase to the Depths.
 24722 | D:15     | Cast into level 2 of the Abyss (a wizard)
 24766 | D:15     | Escaped the Abyss
 24949 | D:15     | Gained mutation: You are clumsy. (Dex -2) [evolution]
 25463 | D:8      | Learned a level 7 spell: Ozocubu's Refrigeration
 25512 | Snake:1  | Entered Level 1 of the Snake Pit
 25513 | Snake:1  | Noticed Asterion
 25516 | Snake:1  | Reached XP level 17. HP: 130/131 MP: 20/33
 25517 | Snake:1  | Killed Asterion
 25541 | Snake:1  | Reached skill level 12 in Stealth
 25906 | Snake:1  | Noticed Aizul
 25911 | Snake:1  | Killed Aizul
 25912 | Snake:1  | Reached skill level 10 in Conjurations
 25912 | Snake:1  | Reached skill level 10 in Summonings
 25912 | Snake:1  | Reached skill level 10 in Translocations
 26058 | Snake:1  | Found Onocuol's Antique Weapon Shop.
 26074 | Snake:1  | Found a sparkling altar of Nemelex Xobeh.
 26436 | Snake:2  | Found Tigis's Antique Weapon Emporium.
 26438 | Snake:2  | Found Zuehuarr's Distillery.
 26904 | Snake:2  | Identified the +6 hand axe of Certain Death {vorpal, *Slow
                  | +Blink rN++ Int-2}
 26963 | Snake:2  | Noticed Agnes
 26967 | Snake:2  | Killed Agnes
 26993 | Snake:2  | Noticed Vashnia
 27001 | Snake:2  | Reached skill level 10 in Hexes
 27001 | Snake:2  | Reached skill level 10 in Necromancy
 27001 | Snake:2  | Reached skill level 10 in Transmutations
 27001 | Snake:2  | Reached skill level 10 in Fire Magic
 27001 | Snake:2  | Reached skill level 10 in Ice Magic
 27001 | Snake:2  | Reached skill level 10 in Air Magic
 27001 | Snake:2  | Reached skill level 10 in Earth Magic
 27001 | Snake:2  | Reached skill level 10 in Poison Magic
 27007 | Snake:2  | Killed Vashnia
 27646 | Snake:3  | Noticed Kirke
 27653 | Snake:3  | Killed Kirke
 27895 | Snake:3  | Reached XP level 18. HP: 140/140 MP: 9/35
 28030 | Snake:4  | Entered Level 4 of the Snake Pit
 29119 | Snake:4  | Got a serpentine rune of Zot
 29475 | Elf:1    | Entered Level 1 of the Elven Halls
 29479 | Elf:1    | Reached skill level 13 in Stealth
 29519 | Elf:1    | Gained mutation: Your muscles are strong. (Str +2)
                  | [evolution]
 29581 | Elf:1    | Noticed Jorgrun
 29590 | Elf:1    | Killed Jorgrun
 29656 | Elf:1    | Noticed Louise
 29664 | Elf:1    | Killed Louise
 29878 | Elf:1    | Reached XP level 19. HP: 121/147 MP: 27/37
 29927 | Elf:1    | Identified the +1 robe "Yphaihoi" {*Slow Int+6}
 29981 | Elf:1    | Found a runed translucent gate.
 29981 | Elf:1    | Found a runed translucent gate.
 29981 | Elf:1    | Found a runed translucent gate.
 29981 | Elf:1    | Found a runed translucent gate.
 29981 | Elf:1    | Found a runed translucent gate.
 29982 | Elf:1    | Found a runed translucent gate.
 30153 | Elf:1    | Paralysed by an air elemental for 1 turns
 30293 | Elf:1    | Paralysed by an air elemental for 1 turns
 30769 | Elf:2    | Found a runed translucent gate.
 30771 | Elf:2    | Found a runed translucent gate.
 30772 | Elf:2    | Found a runed translucent gate.
 31734 | Elf:3    | Entered Level 3 of the Elven Halls
 31930 | Elf:3    | Reached XP level 20. HP: 121/156 MP: 4/38
 32210 | Elf:3    | Identified the +8 falchion of Dried Tears {drain, rElec
                  | rN+}
 32232 | Elf:3    | Found the -2 hat of the Alchemist {rElec rPois rF+ rC+ rN+
                  | Will+ rMut rCorr}
 32236 | Elf:3    | Identified the +10 great sword "Demon's Curse" {venom, rF+
                  | Int+3 Dex+3}
 32243 | Elf:3    | Identified the +2 morningstar "Cowooj" {protect, Will+}
 32318 | Elf:3    | Got the Incunabulum of Confrontation and Earth
 32337 | Elf:3    | Got the Tome of Ignition and Transformation
 32869 | Elf:3    | Reached skill level 14 in Stealth
 33064 | Elf:3    | Found Unkeor's Armour Shop.
 33066 | Elf:3    | Found Bijof's Weapon Boutique.
 33069 | Elf:3    | Found Geukigud's Magic Scroll Shop.
 33790 | Shoals:1 | Entered Level 1 of the Shoals
 33875 | D:8      | Learned a level 8 spell: Ignition
 33884 | D:8      | Learned a level 8 spell: Lehudib's Crystal Spear
 34406 | Shoals:1 | Reached skill level 15 in Spellcasting
 35070 | Shoals:2 | Reached XP level 21. HP: 164/164 MP: 37/40
 35482 | Shoals:3 | Found a runed translucent door.
 35484 | Shoals:3 | Noticed Poejeopt's ghost (adept DsCK)
 35493 | Shoals:3 | Killed Poejeopt's ghost
 35980 | Shoals:3 | Reached skill level 15 in Invocations
 36166 | Shoals:4 | Entered Level 4 of the Shoals
 36262 | Shoals:4 | Reached skill level 15 in Stealth
 36450 | Shoals:4 | Got a barnacled rune of Zot
 37104 | D:8      | Learned a level 5 spell: Yara's Violent Unravelling
 37308 | Vaults:1 | Entered Level 1 of the Vaults
 37841 | Vaults:1 | Found Dietes's Magic Scroll Shop.
 38002 | Vaults:1 | Acquired the +9 staff of Olgreb {rPois∞}
 38002 | Vaults:1 | Found the +9 staff of Olgreb {rPois∞}
 38831 | Vaults:2 | Paralysed by a sphinx for 4 turns
 38989 | Vaults:2 | Reached XP level 22. HP: 165/173 MP: 28/41
 39030 | Vaults:2 | Noticed Boris
 39039 | Vaults:2 | Killed Boris
 39269 | Vaults:2 | Identified the +10 arbalest "Newt's Bane" {freeze, rF+}
 39389 | Vaults:2 | Found a staircase to the Crypt.
 39407 | Vaults:2 | Reached skill level 15 in Dodging
 39917 | Vaults:3 | Learned a level 3 spell: Ignite Poison
 40123 | Vaults:3 | Reached skill level 16 in Stealth
 40285 | Vaults:3 | Noticed Xtahua
 40290 | Vaults:3 | Killed Xtahua
 40679 | D:2      | Bought a scroll of blinking for 135 gold pieces
 40679 | D:2      | Bought a pair of glowing gloves for 135 gold pieces
 41723 | Vaults:3 | Found a runed translucent gate.
 41724 | Vaults:3 | Found a runed translucent gate.
 41724 | Vaults:3 | Found a runed translucent gate.
 41724 | Vaults:3 | Noticed Ylesmath's ghost (adept MiBe)
 41726 | Vaults:3 | Identified the +10 plate armour of Keev {Stlth+}
 41817 | Vaults:3 | Killed Ylesmath's ghost
 41847 | Vaults:3 | Identified the ring "Aqiddy" {Fly Str+3 Int+6 Dex-4 SInv}
 41849 | Vaults:3 | Identified the +1 leather armour of Burning Contentment
                  | {rF+}
 42093 | Vaults:3 | Noticed Sojobo
 42099 | Vaults:3 | Paralysed by an air elemental for 1 turns
 42103 | Vaults:3 | Killed Sojobo
 42106 | Vaults:3 | Reached XP level 23. HP: 167/180 MP: 20/43
 42731 | Vaults:3 | Reached skill level 15 in Fighting
 42731 | Vaults:3 | Reached skill level 15 in Short Blades
 42731 | Vaults:3 | Reached skill level 15 in Long Blades
 42731 | Vaults:3 | Reached skill level 15 in Axes
 42731 | Vaults:3 | Reached skill level 15 in Maces & Flails
 42731 | Vaults:3 | Reached skill level 15 in Polearms
 42731 | Vaults:3 | Reached skill level 15 in Staves
 42731 | Vaults:3 | Reached skill level 15 in Slings
 42731 | Vaults:3 | Reached skill level 15 in Bows
 42731 | Vaults:3 | Reached skill level 15 in Crossbows
 42731 | Vaults:3 | Reached skill level 15 in Throwing
 42731 | Vaults:3 | Reached skill level 15 in Armour
 42731 | Vaults:3 | Reached skill level 15 in Shields
 42731 | Vaults:3 | Reached skill level 15 in Unarmed Combat
 42731 | Vaults:3 | Reached skill level 15 in Evocations
 43320 | Vaults:4 | Reached skill level 17 in Stealth
 43631 | Vaults:4 | Upgraded the game from 0.27.1-2-g3b301248ec to
                  | 0.27.1-3-gb3d3a73c9e
 43635 | Vaults:4 | Identified the +1 scale mail of Pinidic {SInv}
 44233 | Depths:1 | Entered Level 1 of the Depths
 44368 | Depths:1 | Found a one-way gate leading to the halls of Pandemonium.
 45085 | Depths:1 | Found a portal to a secret trove of treasure.
 45158 | Depths:1 | Found a gateway to Hell.
 45322 | Depths:1 | Found a hazy altar of Hepliaklqana.
 45605 | Depths:2 | Noticed Bai Suzhen
 45635 | Depths:2 | Killed Bai Suzhen
 45636 | Depths:2 | Reached XP level 24. HP: 189/189 MP: 5/43
 45817 | Depths:2 | Found Ochy's Distillery.
 45879 | Depths:2 | Acquired 833 gold pieces
 45881 | Depths:2 | Acquired a scarf of repulsion
 45894 | Depths:2 | Acquired the ring of the Robin {rPois rF+ rCorr MP+9
                  | Slay+3}
 45998 | Depths:2 | Found a blossoming altar of Fedhas.
 46361 | Depths:2 | Found a gateway to a ziggurat.
 46487 | Depths:2 | Noticed Nikola
 46503 | Depths:2 | Killed Nikola
 46690 | Depths:2 | Found the +18 shield of the Gong {rElec rN+ Will+ EV-5}
 46744 | Depths:2 | Noticed a dread lich
 46755 | Depths:2 | Killed a dread lich
 46825 | Depths:2 | Reached skill level 18 in Stealth
 47065 | Depths:3 | Noticed Mara
 47077 | Depths:3 | Killed Mara
 47280 | Depths:3 | Identified the +5 leather armour of the Blind Marksman
                  | {rN++ Int+5 Dex-4}
 47433 | Depths:3 | Noticed Boris
 47444 | Depths:3 | Killed Boris
 47478 | Depths:3 | Reached XP level 25. HP: 117/197 MP: 44/44
 47513 | Depths:3 | Learned a level 6 spell: Eringya's Noxious Bog
 47769 | Depths:3 | Found a corrupted altar of Lugonu.
 47901 | Depths:3 | Lost mutation: You are clumsy. (Dex -2) [evolution]
 48177 | Depths:3 | You are sucked into a shaft and drop 2 floors!
 48177 | Depths:5 | Entered Level 5 of the Depths
 48625 | Depths:5 | Found a gate to the Realm of Zot.
 48780 | Depths:5 | Identified the +8 hunting sling of the Vase {vorpal, Will+}
 48872 | Depths:5 | Acquired 613 gold pieces
 49272 | Depths:4 | Identified the +8 quarterstaff of Giralia {vorpal, rF+ rN+}
 49378 | Depths:4 | Reached skill level 19 in Stealth
 49697 | Depths:4 | Found Eddox's Jewellery Boutique.
 49697 | Depths:4 | Found Toaxauhi's Book Emporium.
 49698 | Depths:4 | Found Jauloas's Jewellery Boutique.
 49993 | Depths:4 | Identified the +7 mace of Defence {distort, Str+4}
 51270 | Depths:1 | You paid a toll of +5 fire dragon scales to enter a
                  | treasure trove
 51271 | Trove    | Entered a treasure trove
 51765 | Vaults:1 | Bought a scroll of acquirement for 780 gold pieces
 51765 | Vaults:1 | Acquired 797 gold pieces
 51988 | Vaults:5 | Entered Level 5 of the Vaults
 52025 | Vaults:5 | Reached XP level 26. HP: 115/206 MP: 5/44
 52102 | Vaults:5 | Noticed an ancient lich
 52115 | Vaults:5 | Killed an ancient lich
 52351 | Vaults:5 | Reached skill level 20 in Stealth
 52998 | Vaults:5 | Got Zaewniesk's Disquisition on Companions
 53028 | Vaults:5 | Got a silver rune of Zot
 53264 | Vaults:5 | Identified the +2 hand axe of Tuamit {speed, *Slow rPois
                  | Will++ Stlth+}
 53423 | Vaults:5 | Identified the +7 ring mail "Qookh" {Drain rN+ Stlth+}
 53438 | Vaults:5 | Identified the +1 longbow of the Lair of Beasts {freeze,
                  | rC+ Will+ Str+2 Dex-3}
 54211 | Crypt:1  | Entered Level 1 of the Crypt
 54478 | Crypt:1  | Reached XP level 27. HP: 215/215 MP: 45/45
 54501 | Crypt:1  | Reached skill level 15 in Conjurations
 54501 | Crypt:1  | Reached skill level 15 in Summonings
 54501 | Crypt:1  | Reached skill level 15 in Translocations
 55528 | Crypt:3  | Entered Level 3 of the Crypt
 55738 | Crypt:3  | Reached skill level 15 in Hexes
 55738 | Crypt:3  | Reached skill level 15 in Necromancy
 55738 | Crypt:3  | Reached skill level 15 in Transmutations
 55738 | Crypt:3  | Reached skill level 15 in Fire Magic
 55738 | Crypt:3  | Reached skill level 15 in Ice Magic
 55738 | Crypt:3  | Reached skill level 15 in Air Magic
 55738 | Crypt:3  | Reached skill level 15 in Earth Magic
 55738 | Crypt:3  | Reached skill level 15 in Poison Magic
 55875 | Crypt:3  | Found an ancient bone altar of Kikubaaqudgha.
 56118 | Crypt:3  | Noticed Khufu
 56129 | Crypt:3  | Killed Khufu
 56165 | Crypt:3  | Identified the +11 hand axe "Epeide" {vorpal, *Rage rElec
                  | rC++ Str+2}
 56297 | Crypt:3  | Found a staircase to the Tomb.
 56352 | Crypt:3  | Identified the +0 robe of the Unstoppable Olives {rPois
                  | Str+3 Slay-3}
 56637 | Crypt:3  | Got the Disquisition on Evil
 57223 | D:2      | Bought a potion of brilliance for 40 gold pieces
 57223 | D:2      | Bought a potion of curing for 30 gold pieces
 57223 | D:2      | Bought a potion of resistance for 100 gold pieces
 57223 | D:2      | Bought a potion of magic for 80 gold pieces
 57223 | D:2      | Bought a potion of heal wounds for 50 gold pieces
 57223 | D:2      | Bought a potion of curing for 30 gold pieces
 57223 | D:2      | Bought a potion of heal wounds for 50 gold pieces
 57351 | D:5      | Bought the amulet "Uttyiges" {RegenMP +Blink rF+ Int+4} for
                  | 831 gold pieces
 57351 | D:5      | Bought the ring of Fragile Peace {Fire Will++} for 565 gold
                  | pieces
 57369 | D:5      | Learned a level 7 spell: Orb of Destruction
 57523 | D:2      | Bought a potion of curing for 39 gold pieces
 57523 | D:2      | Bought a scroll of magic mapping for 45 gold pieces
 57523 | D:2      | Bought a scarf of harm for 117 gold pieces
 57682 | D:4      | Bought an encrusted dagger for 126 gold pieces
 57682 | D:4      | Identified the +5 dagger of Zuor {vamp, +Rage Stlth+} (You
                  | bought it in a shop on level 4 of the Dungeon)
 58029 | Snake:2  | Bought a masterwork arbalest for 389 gold pieces
 58029 | Snake:2  | Identified the +5 arbalest of Destiny {penet, rF+ rCorr}
                  | (You bought it in a shop on level 2 of the Snake Pit)
 58029 | Snake:2  | Bought a crystal dagger for 287 gold pieces
 58029 | Snake:2  | Identified the +8 dagger of Duty {flame, rPois Will+ Int+2
                  | Stlth+} (You bought it in a shop on level 2 of the Snake
                  | Pit)
 58037 | Snake:2  | Bought a potion of brilliance for 68 gold pieces
 58037 | Snake:2  | Bought a potion of brilliance for 68 gold pieces
 58037 | Snake:2  | Bought a potion of might for 68 gold pieces
 58037 | Snake:2  | Bought a potion of brilliance for 68 gold pieces
 58037 | Snake:2  | Bought a potion of heal wounds for 85 gold pieces
 58037 | Snake:2  | Bought a potion of magic for 136 gold pieces
 58037 | Snake:2  | Bought a potion of brilliance for 68 gold pieces
 58037 | Snake:2  | Bought a potion of mutation for 136 gold pieces
 58042 | Snake:2  | Bought a potion of haste for 170 gold pieces
 58044 | Snake:2  | Bought a potion of ambrosia for 136 gold pieces
 58593 | Orc:2    | Bought a potion of brilliance for 56 gold pieces
 58593 | Orc:2    | Bought a wand of paralysis (8) for 140 gold pieces
 58758 | Elf:3    | Bought a scroll of fog for 28 gold pieces
 58758 | Elf:3    | Bought 3 scrolls of enchant armour for 315 gold pieces
 58758 | Elf:3    | Bought a scroll of vulnerability for 105 gold pieces
 58758 | Elf:3    | Bought a scroll of immolation for 49 gold pieces
 58758 | Elf:3    | Bought a scroll of enchant weapon for 105 gold pieces
 58758 | Elf:3    | Bought a scroll of enchant weapon for 105 gold pieces
 58758 | Elf:3    | Bought a scroll of enchant armour for 105 gold pieces
 59138 | D:8      | Gained mutation: You are frail. (-10% HP) [evolution]
 59356 | Vaults:1 | Bought a scroll of fear for 52 gold pieces
 59356 | Vaults:1 | Bought a scroll of teleportation for 45 gold pieces
 59356 | Vaults:1 | Bought a scroll of vulnerability for 112 gold pieces
 59356 | Vaults:1 | Bought a scroll of teleportation for 45 gold pieces
 59356 | Vaults:1 | Bought a scroll of amnesia for 52 gold pieces
 59356 | Vaults:1 | Bought a scroll of holy word for 112 gold pieces
 59356 | Vaults:1 | Bought a scroll of fog for 30 gold pieces
 59356 | Vaults:1 | Bought a scroll of vulnerability for 112 gold pieces
 59892 | D:11     | Lost mutation: Your muscles are strong. (Str +2) [potion of
                  | mutation]
 59892 | D:11     | Lost mutation: You have a pair of small horns on your head.
                  | [potion of mutation]
 59892 | D:11     | Gained mutation: You tend to lose your temper in combat.
                  | [potion of mutation]
 59892 | D:11     | Gained mutation: Your flesh is cold resistant. (rC+)
                  | [potion of mutation]
 60031 | D:8      | Lost mutation: You are frail. (-10% HP) [potion of
                  | mutation]
 60031 | D:8      | Lost mutation: You tend to lose your temper in combat.
                  | [potion of mutation]
 60031 | D:8      | Gained mutation: Your natural rate of healing is unusually
                  | fast. [potion of mutation]
 60031 | D:8      | Gained mutation: You are clumsy. (Dex -2) [potion of
                  | mutation]
 60031 | D:8      | Gained mutation: You have large cloven feet. [potion of
                  | mutation]
 60382 | Depths:2 | Bought 2 potions of resistance for 360 gold pieces
 60382 | Depths:2 | Bought a potion of magic for 144 gold pieces
 60382 | Depths:2 | Bought a potion of curing for 54 gold pieces
 60382 | Depths:2 | Bought a potion of heal wounds for 90 gold pieces
 60382 | Depths:2 | Bought a potion of curing for 54 gold pieces
 60382 | Depths:2 | Bought a potion of curing for 54 gold pieces
 60909 | Slime:1  | Entered Level 1 of the Pits of Slime
 60927 | Slime:1  | Reached skill level 21 in Stealth
 62273 | Slime:5  | Entered Level 5 of the Pits of Slime
 62550 | Slime:5  | Noticed the Royal Jelly
 62555 | Slime:5  | Killed the Royal Jelly
 62595 | Slime:5  | Gained mutation: You tend to lose your temper in combat. [a
                  | shining eye]
 62620 | Slime:5  | Identified the amulet of Geuweify {*Corrode Regen+ MP+9
                  | Dex+3}
 62638 | Slime:5  | Identified the +3 great sword of the Depths {speed, Int+5}
 62645 | Slime:5  | Got the Disquisition on Harmful Snow
 62665 | Slime:5  | Identified the +3 scale mail of the Northern Lights {rElec
                  | Will- rCorr MP+9}
 62667 | Slime:5  | Got a slimy rune of Zot
 62733 | Slime:5  | Got Seomn's Volume of Transformation and the Birds
 64077 | Zot:1    | Entered Level 1 of the Realm of Zot
 64340 | Zot:1    | Learned a level 8 spell: Maxwell's Capacitive Coupling
 65041 | Zot:2    | Noticed an ancient lich
 65051 | Zot:2    | Killed an ancient lich
 65139 | Zot:2    | Reached skill level 22 in Stealth
 65258 | Zot:2    | Noticed an orb of fire
 65263 | Zot:2    | Killed an orb of fire
 65811 | Zot:2    | Found a runed translucent gate.
 65811 | Zot:2    | Found a runed translucent gate.
 65811 | Zot:2    | Found a runed translucent gate.
 65812 | Zot:2    | Noticed an orb of fire
 65812 | Zot:2    | Noticed Hurogu's ghost (legendary GnFi)
 65813 | Zot:2    | Identified the +0 cloak of Egalitarianism {Dex+3}
 65813 | Zot:2    | Identified the ring "Lixuxkis" {rPois rCorr Str+2 Int+3
                  | Slay-5}
 66709 | Zot:3    | Acquired 815 gold pieces
 66944 | Zot:3    | Lost mutation: You tend to lose your temper in combat.
                  | [evolution]
 67553 | Zot:4    | Noticed an orb of fire
 67558 | Zot:4    | Killed an orb of fire
 68528 | Zot:5    | Entered Level 5 of the Realm of Zot
 68781 | Zot:5    | Reached skill level 23 in Stealth
 69102 | Zot:5    | Noticed an ancient lich
 69109 | Zot:5    | Killed an ancient lich
 69141 | Zot:5    | Noticed an orb of fire
 69145 | Zot:5    | Killed an orb of fire
 69196 | Zot:5    | Noticed an orb of fire
 69200 | Zot:5    | Killed an orb of fire
 69231 | Zot:5    | Noticed a dread lich
 69232 | Zot:5    | Noticed a dread lich
 69245 | Zot:5    | Killed a dread lich
 69258 | Zot:5    | Killed a dread lich
 69262 | Zot:5    | Noticed an orb of fire
 69269 | Zot:5    | Killed an orb of fire
 69379 | Zot:5    | Noticed an ancient lich
 69386 | Zot:5    | Noticed an ancient lich
 69388 | Zot:5    | Killed an ancient lich
 69396 | Zot:5    | Killed an ancient lich
 69422 | Zot:5    | Noticed an ancient lich
 69426 | Zot:5    | Killed an ancient lich
 69521 | Zot:5    | Noticed a dread lich
 69547 | Zot:5    | Killed a dread lich
 70009 | Zot:5    | Lost mutation: You are clumsy. (Dex -2) [evolution]
 70234 | Depths:5 | Learned a level 8 spell: Necromutation
 70696 | Tomb:1   | Entered Level 1 of the Tomb of the Ancients
 70827 | Tomb:1   | Reached skill level 24 in Stealth
 70938 | Tomb:1   | Noticed a royal mummy
 70948 | Tomb:1   | Killed a royal mummy
 71169 | Tomb:1   | Noticed a royal mummy
 71177 | Tomb:1   | Killed a royal mummy
 71209 | Tomb:1   | Noticed a royal mummy
 71219 | Tomb:1   | Killed a royal mummy
 71497 | Tomb:2   | Noticed a royal mummy
 71498 | Tomb:2   | Noticed a royal mummy
 71498 | Tomb:2   | Noticed a royal mummy
 71498 | Tomb:2   | Noticed a royal mummy
 71501 | Tomb:2   | Killed a royal mummy
 71502 | Tomb:2   | Noticed a royal mummy
 71505 | Tomb:2   | Killed a royal mummy
 71513 | Tomb:2   | HP: 11/224 [death scarab[a royal mummy] (5)]
 71514 | Tomb:2   | HP: 5/224 [poison (dark miasma)]
 71515 | Tomb:2   | Killed from afar by an ancient champion

Illustrated notes

Levels and vault maps discovered:
D:1:      dpeg_arrival_refuge, layout_basic, chequers_ecumenical_altar_twisty
D:2:      layout_loops_ring, basic_altar, serial_shops, shop_fountains, shop,
          shop, nicolae_square_shop
D:3:      kennysheep_big_flooded_room, layout_rooms, nicolae_vehumet_radiance,
          uniq_grinder
D:4:      layout_basic, trog_book, enter_ossuary_2, serial_shops, shop,
          uniq_blork_the_orc
D:5:      layout_loops_corners, nicolae_take_the_stairs
D:6:      layout_basic, gammafunk_ghost_arena, chequers_serial_rivers_micro_c
D:7:      layout_basic, minmay_temple_entry_nine_rooms, hangedman_misty_isle
D:8:      layout_gridville, erik_lair_dragon, biasface_ghost_orc_armoury,
          serial_shops, shop, minmay_crossroads, uniq_harold
D:9:      cheibrodos_fzero, layout_cave_pools, gammafunk_temple_overflow_statue,
          overflow_temple_1_default, minmay_lindwurm_lava, uniq_grum,
          uniq_pikel, uniq_maggie
D:10:     layout_cross, mainiacjoe_overflow_two_lobes,
          nicolae_inconvenience_store
D:11:     layout_stronghold, orc_0_dummy
D:12:     layout_cave_pools, gauntlet_entry_generic, minmay_gold_behind_fungi,
          uniq_rupert
D:13:     layout_small_grid, serial_glass, glass_columns_a, glass_columns_c,
          glass_columns_a, glass_columns_a, portal_ice_cave_entry_ice_simulacra,
          uniq_erolcha
D:14:     layout_loops_cross, grunt_vaults_entry_fortified, lemuel_round_altar
D:15:     hangedman_depths_entry_civil_slaughter, layout_irregular_city,
          kiku_gazebo_pond_becter
Temple:   regret_index_temple_generic_petals
Lair:1:   layout_loops_ring, grunt_megastairs_5
Lair:2:   layout_long_grid, nicolae_volcano_entry_s_turn, grunt_megastairs_2,
          serial_bayou_shore_b, lemuel_fruit_fields, infiniplex_staircase_pool_2
Lair:3:   layout_loops_ring, minmay_snake_entry_six_corridors, uniq_sonja
Lair:4:   layout_layer_cave, elwin_shoals_entry_stream,
          infiniplex_staircase_pool, grunt_megastairs_1, lemuel_fruit_tree
Lair:5:   layout_roguey, basic_altar, bobbens_dragon_lair_wall
Lair:6:   hellmonk_lair_end_abyssal_woods, layout_concentric_octagons,
          dpeg_slime_entry_enclosed_altar, hellmonk_ghost_happy_afterlife,
          kennysheep_rathole, lemuel_fruit_fields
Shoals:1: layout_shoals, ldierk_geyser
Shoals:2: layout_shoals, st_shoals_ruin
Shoals:3: layout_shoals, ebering_ghost_reflecting_pool
Shoals:4: shoals_end_hellmonk_storm_palace [storm_palace_center_square,
          storm_palace_corner_blocked, storm_palace_corner_grid,
          storm_palace_corner_grid, storm_palace_corner_pillars]
Snake:1:  layout_layer_cave, basic_altar, serial_shops, nicolae_diamond_shop,
          uniq_aizul, uniq_asterion
Snake:2:  layout_layer_cave, minmay_shoptagon, uniq_agnes, uniq_vashnia
Snake:3:  layout_rooms, uniq_kirke
Snake:4:  minmay_snake_end_coiled, layout_cave_town, grunt_ministairs_8
Slime:1:  layout_caves
Slime:2:  layout_caves
Slime:3:  layout_caves
Slime:4:  layout_caves
Slime:5
Orc:1:    layout_caves, serial_shops, nicolae_shop_stone
Orc:2:    grunt_orc_cross, layout_caves, basic_altar,
          nicolae_orc_sculptors_studio, uniq_saint_roka, uniq_donald,
          uniq_josephine
Elf:1:    eino_elf_arrival_shootout, layout_geoelf_grid, orc_legates,
          library_closet, uniq_louise, uniq_jorgrun
Elf:2:    elven_hall_of_blades_hangedman_original
          [nicolae_blade_entry_floor_patterns], layout_gridlike
Elf:3:    minmay_elf_hall_x, layout_geoelf_octagon, grunt_ministairs_15,
          minmay_shop_star
Vaults:1: hangedman_vaults_stretched_pinwheel, nicolae_vaults_three_branches,
          v_rooms_4, vaults_dpeg_spiral, ontoclasm_vaults_eye, v_misc_24,
          grunt_vaults_hallway_short, layout_vaults_omnigrid, serial_shops,
          nicolae_square_shop
Vaults:2: hangedman_vaults_stagger, ontoclasm_vaults_chip,
          nicolae_vaults_rhombus_7, nicolae_vaults_hallways_thing,
          minmay_crypt_entry_simple_plaza, hangedman_vaults_nails, v_misc_25,
          vaults_mumra_chevron, nicolae_vaults_network_quinsquares
          [nicolae_vaults_network_quincunx_subvault,
          nicolae_vaults_network_quincunx_subvault,
          nicolae_vaults_network_quincunx_subvault,
          nicolae_vaults_network_quincunx_subvault], nicolae_vaults_theta,
          hangedman_vaults_stretched_pinwheel, nicolae_vaults_yaktaur_gun_rack,
          layout_vaults_ring, uniq_boris
Vaults:3: biasface_vaults_ghost_orc_armoury, hangedman_vaults_nodes,
          v_pattern_5, nicolae_vaults_inception_statues,
          nicolae_vaults_network_square, hangedman_vaults_stitches,
          serial_ice_h, ontoclasm_vaults_chip, grunt_vaults_hallway_long,
          vaults_room_pools, v_alt_pattern_2, vaults_room_semicircle,
          layout_vaults_chaotic_city, uniq_xtahua, uniq_sojobo
Vaults:4: vaults_standard_mumra_lines, hangedman_vaults_slice, v_misc_5,
          nicolae_vaults_diagonal_hallway_9, vaults_dpeg_ring,
          nicolae_vaults_network_barrier, v_alt_pattern_1, v_misc_13, v_misc_18,
          vaults_room_corners, vaults_dpeg_encased_lava, layout_vaults_omnicross
Vaults:5: serial_shops
Crypt:1:  layout_misc_corridors, grunt_crypt_arrival_split, grunt_megastairs_3
Crypt:2:  layout_misc_corridors, grunt_ministairs_9
Crypt:3:  grunt_crypt_end_deaths_head
Tomb:1
Tomb:2
Depths:1: layout_cave_pools, trove_entry_hex_spiral,
          abyss_entry_small_statue_room, hell_entry, minmay_holes,
          rand_demon_pan_entry_8, hangedman_decor_diamond_cutter, drop_trap,
          minmay_crystal_room, hangedman_decor_slide_cut,
          nicolae_hepliaklqana_hippocampus
Depths:2: cheibrodos_cascadia, layout_gridlike, enter_ziggurat_a, hell_entry,
          fedhas_altar_3, serial_shops, nicolae_shop_trees, uniq_nikola,
          uniq_bai_suzhen
Depths:3: minmay_connected_boxes_in_corner, layout_gridlike,
          rand_demon_pan_entry_4, hell_entry, hex_medium,
          abyss_entry_flame_altar, serial_bayou_shore_b,
          infiniplex_staircase_door_maze, uniq_mara
Depths:4: minmay_shrinking_squares, layout_cave_shapes,
          marbit_kobold_abyss_entry, minmay_tree_intersection,
          pf_hell_entry_great_geh, beargit_elvish_explorers,
          infiniplex_staircase_river, minmay_shop_grove, firewood_loft
Depths:5: grunt_twist_and_shout, layout_gridville, rand_demon_pan_entry_5,
          nicolae_lava_and_water, hell_entry, serial_bayou_shore_a
Zot:1:    layout_cathedral_of_symmetry, st_stairs_5, grunt_ministairs_11
Zot:2:    layout_cathedral_of_symmetry, gammafunk_ghost_tricky_traps,
          hangedman_player_shredder
Zot:3:    layout_basic, st_stairs_10
Zot:4:    layout_twisted_circle
Zot:5:    layout_gridlike

Skill      XL: |  1  2  3  4  5  6  7  8  9 10 11 12 13 14 15 16 17 18 19 20 21 22 23 24 25 26 27 |
---------------+----------------------------------------------------------------------------------+-----
Conjurations   | 2 3 4 5 6 7 8 9 10 11 12 13 14 17 | 17.3
Summonings     | 2 3 4 5 6 7 8 9 10 11 12 13 14 17 | 17.3
Translocations | 2 3 4 5 6 7 8 9 10 11 12 13 14 17 | 17.3
Invocations    | 1 2 3 4 5 6 7 8 9 10 11 12 13 14 15 16 17 18 21 | 21.3
Fighting       | 1 2 3 4 5 6 7 8 9 10 11 12 13 14 15 16 17 19 | 19.9
Short Blades   | 1 2 3 4 5 6 7 8 9 10 11 12 13 14 15 16 17 19 | 19.9
Long Blades    | 1 2 3 4 5 6 7 8 9 10 11 12 13 14 15 16 17 18 23 | 23.1
Axes           | 1 2 3 4 5 6 7 8 9 10 11 12 13 14 15 16 17 19 | 19.9
Maces & Flails | 1 2 3 4 5 6 7 8 9 10 11 12 13 14 15 16 17 19 | 19.9
Polearms       | 1 2 3 4 5 6 7 8 9 10 11 12 13 14 15 16 17 19 | 19.9
Staves         | 1 2 3 4 5 6 7 8 9 10 11 12 13 14 15 16 17 19 | 19.9
Slings         | 1 2 3 4 5 6 7 8 9 10 11 12 13 14 15 16 17 19 | 19.9
Bows           | 1 2 3 4 5 6 7 8 9 10 11 12 13 14 15 16 17 19 | 19.9
Crossbows      | 1 2 3 4 5 6 7 8 9 10 11 12 13 14 15 16 17 19 | 19.9
Throwing       | 1 2 3 4 5 6 7 8 9 10 11 12 13 14 15 16 17 19 | 19.9
Armour         | 1 2 3 4 5 6 7 8 9 10 11 12 13 14 15 16 17 19 | 19.9
Shields        | 1 2 3 4 5 6 7 8 9 10 11 12 13 14 15 16 17 19 | 19.9
Unarmed Combat | 1 2 3 4 5 6 7 8 9 10 11 12 13 14 15 16 17 19 | 19.9
Evocations     | 1 2 3 4 5 6 7 8 9 10 11 12 13 14 15 16 17 22 | 22.5
Hexes          | 1 2 3 4 5 6 7 8 9 10 11 12 13 14 17 | 17.2
Necromancy     | 1 2 3 4 5 6 7 8 9 10 11 12 13 14 17 | 17.2
Transmutations | 1 2 3 4 5 6 7 8 9 10 11 12 13 14 17 | 17.2
Fire Magic     | 1 2 3 4 5 6 7 8 9 10 11 12 13 14 17 | 17.2
Ice Magic      | 1 2 3 4 5 6 7 8 9 10 11 12 13 14 17 | 17.2
Air Magic      | 1 2 3 4 5 6 7 8 9 10 11 12 13 14 17 | 17.2
Earth Magic    | 1 2 3 4 5 6 7 8 9 10 11 12 13 14 17 | 17.2
Poison Magic   | 1 2 3 4 5 6 7 8 9 10 11 12 13 14 17 | 17.2
Dodging        | 5 6 7 8 9 10 11 12 13 14 15 16 17 20 | 20.2
Stealth        | 5 6 7 8 9 10 11 12 13 14 15 16 17 18 19 20 24 | 24.3
Spellcasting   | 8 9 10 11 12 13 14 15 16 17 18 20 | 20.7

Action                   |  1- 3 |  4- 6 |  7- 9 | 10-12 | 13-15 | 16-18 | 19-21 | 22-24 | 25-27 || total
-------------------------+-------+-------+-------+-------+-------+-------+-------+-------+-------++-------
Melee: Dagger            |     4 |       |       |       |       |       |       |       |    13 ||    17
       Bite              |     2 |     1 |    37 |    61 |   112 |    60 |    33 |   110 |   186 ||   602
       Staff             |     2 |    11 |       |       |       |       |    37 |   373 |   823 ||  1246
       Short sword       |       |     7 |   234 |   311 |   526 |   263 |   169 |    82 |     6 ||  1598
       Punch             |       |     1 |     1 |    10 |       |       |       |       |       ||    12
       Headbutt          |       |       |       |    81 |   219 |    96 |    65 |   190 |   183 ||   834
       Unarmed           |       |       |       |       |       |     1 |       |       |       ||     1
       War axe           |       |       |       |       |       |       |     3 |    34 |     7 ||    44
 Fire: Hunting sling     |       |     1 |       |       |       |       |       |       |    24 ||    25
Throw: Dart              |     5 |    15 |    15 |   105 |   121 |    23 |       |   170 |   257 ||   711
       Boomerang         |       |       |       |       |     3 |   300 |   367 |    46 |   938 ||  1654
       Throwing net      |       |       |       |       |       |     2 |       |       |     5 ||     7
 Cast: Magic Dart        |    87 |    48 |   118 |    83 |    72 |    11 |     1 |       |       ||   420
       Apportation       |     1 |     3 |     3 |     6 |     9 |    29 |    26 |     9 |    64 ||   150
       Call Imp          |       |     3 |     2 |     8 |     4 |       |       |     5 |     2 ||    24
       Corona            |       |     2 |     3 |     2 |     2 |     3 |     3 |     3 |       ||    18
       Mephitic Cloud    |       |       |     5 |    25 |     4 |     2 |       |       |       ||    36
       Fireball          |       |       |     4 |     7 |    78 |    39 |     2 |       |       ||   130
       Blink             |       |       |     2 |    16 |     3 |     2 |       |     3 |     3 ||    29
       Conjure Flame     |       |       |     1 |     1 |       |       |       |       |       ||     2
       Sublimation of Bl |       |       |       |     2 |    38 |   112 |   184 |   122 |   158 ||   616
       Frozen Ramparts   |       |       |       |    14 |    41 |    27 |    10 |    18 |     2 ||   112
       Ozocubu's Armour  |       |       |       |     9 |    46 |    40 |    38 |    66 |    89 ||   288
       Irradiate         |       |       |       |     3 |    26 |    19 |     7 |    21 |    42 ||   118
       Lee's Rapid Decon |       |       |       |       |     1 |    11 |     3 |       |       ||    15
       Wereblood         |       |       |       |       |     1 |    18 |    29 |     9 |    49 ||   106
       Ozocubu's Refrige |       |       |       |       |       |   142 |   253 |    72 |   104 ||   571
       Lehudib's Crystal |       |       |       |       |       |       |     9 |    14 |    37 ||    60
       Yara's Violent Un |       |       |       |       |       |       |     1 |    14 |    12 ||    27
       Ignite Poison     |       |       |       |       |       |       |       |    65 |    52 ||   117
       Ignition          |       |       |       |       |       |       |       |    12 |    39 ||    51
       Eringya's Noxious |       |       |       |       |       |       |       |       |     5 ||     5
       Maxwell's Capacit |       |       |       |       |       |       |       |       |    55 ||    55
       Necromutation     |       |       |       |       |       |       |       |       |     6 ||     6
       Orb of Destructio |       |       |       |       |       |       |       |       |     4 ||     4
Invok: Slouch            |       |       |       |     2 |     3 |     3 |    11 |       |     1 ||    20
       Temporal Distorti |       |       |       |       |       |       |       |       |     2 ||     2
 Abil: End Transformatio |       |       |       |       |       |       |       |       |     5 ||     5
Evoke: Condenser vane    |       |       |       |       |       |       |     1 |       |     1 ||     2
       Staff of Olgreb   |       |       |       |       |       |       |    12 |    96 |    45 ||   153
       Tin of tremorston |       |       |       |       |       |       |       |       |     2 ||     2
       Box of beasts     |       |       |       |       |       |       |       |       |     1 ||     1
       Lightning rod     |       |       |       |       |       |       |       |       |     1 ||     1
       Phial of floods   |       |       |       |       |       |       |       |       |     1 ||     1
  Use: Scroll            |       |     1 |     3 |    10 |    15 |     8 |     4 |     3 |    19 ||    63
       Potion            |       |       |       |     3 |     1 |     1 |       |     2 |     7 ||    14
 Stab: Distracted        |       |       |     2 |     2 |     3 |     1 |       |     1 |     1 ||    10
       Sleeping          |       |       |     2 |     1 |    17 |    13 |    20 |    19 |     7 ||    79
       Confused          |       |       |     2 |    15 |     4 |     1 |       |       |       ||    22
Armor: Robe              |     8 |     2 |    24 |       |       |       |       |       |       ||    34
       Troll leather arm |       |       |    21 |    59 |    68 |    56 |    49 |    64 |   172 ||   489
Dodge: Dodged            |    22 |    19 |   127 |   189 |   190 |   136 |   102 |   180 |   339 ||  1304
       Repelled          |       |       |       |       |       |       |       |       |    20 ||    20
Block: Other             |       |     1 |    37 |    29 |       |       |       |       |       ||    67
       Kite shield       |       |       |    20 |    69 |   349 |   247 |   203 |   301 |  1188 ||  2377
       Reflection        |       |       |       |     7 |    14 |    49 |    53 |    36 |    30 ||   189
       Buckler           |       |       |       |    11 |       |       |       |    23 |       ||    34
